 Dungeon Crawl Stone Soup version 0.31-a0-441-g867994ef1c (webtiles) character file.

Game seed: 1967740789762593892

1026 MackTheKnife the Insei (level 8, -1/63 HPs)
             Began as a Demonspawn Shapeshifter on Aug 2, 2023.
             Was an Initiate of Gozag.
             Slain by an ogre
             ... wielding a +0 giant club
              (18 damage)
             ... on level 5 of the Dungeon.
             The game lasted 00:05:01 (3771 turns).

MackTheKnife the Insei (Demonspawn Shapeshifter)    Turns: 3771, Time: 00:05:02

Health: -1/63      AC:  5    Str: 15    XL:     8   Next: 2%
Magic:  8/8        EV: 12    Int: 10    God:    Gozag
Gold:   541        SH:  0    Dex: 16    Spells: 7/7 levels left

rFire   . .          .
                       - Unarmed
rCold   + . .        (no shield)
rNeg    . . .        a - +0 ring mail
rPois   .            (helmet currently unavailable)
rElec   .            (cloak currently unavailable)
rCorr   .            (gloves currently unavailable)
SInv    .            (boots currently unavailable)
Will    .....        (no amulet)
Stlth   +            p - ring of flight
HPRegen 0.30/turn    r - ring of protection from cold
MPRegen 0.11/turn

%: no passive effects
@: beast-form, gold aura, flying
A: beast (slay +2), hooves 2, horns 2, powered by death 1, weakness stinger 1
a: Begin Untransformation, Renounce Religion, Potion Petition, Call Merchant,
Bribe Branch


You were on level 5 of the Dungeon.
You worshipped Gozag.
Gozag was pleased with you.
You were a hulking beast.
You visited 1 branch of the dungeon, and saw 5 of its levels.

You collected 541 gold pieces.


Innate Abilities, Weirdness & Mutations

You are a hulking beast.
Your limbs bulge with bestial killing power. (Slay +2)
You have hoof-like feet.
You have a pair of horns on your head.
You regenerate a little health from kills.
You have a small tail.


   Skills:
 - Level 5.5 Fighting
 + Level 3.4 Dodging
 - Level 6.2 Unarmed Combat
 - Level 3.3 Shapeshifting


You had 7 spell levels left.
You didn't know any spells.
Your spell library contained the following spells:

 Spells                   Type           Power      Damage    Failure   Level
 Cigotuvi's Dreadful Rot  Necr/Pois/Air  0%         N/A       75%         2
 Ignite Poison            Fire/Tmut/Pois 0%         N/A       92%         3
 Freezing Cloud           Conj/Ice/Air   0%         6-21      100%        5

Inventory:

Armour
 a - a +0 ring mail (worn)
   (You found it on level 1 of the Dungeon)
Jewellery
 p - a ring of flight (left hand)
   (You found it on level 2 of the Dungeon)
 r - a ring of protection from cold (right hand)
   (You found it on level 2 of the Dungeon)
Talismans
 c - a beast talisman (active)
Scrolls
 d - a scroll of fear {unknown}
 e - 4 scrolls of identify {unknown}
 h - a scroll of torment {unknown}
 i - a scroll of acquirement {unknown}
 j - a scroll of immolation {unknown}
 l - a scroll of silence {unknown}
 m - a scroll of noise {unknown}
 n - 2 scrolls of teleportation {unknown}
 o - a scroll of blinking {unknown}
 q - a scroll of enchant armour {unknown}
 s - a scroll of revelation {unknown}
 w - a scroll of enchant weapon {unknown}
 y - a scroll of vulnerability {unknown}
Potions
 b - 2 potions of lignification {!q}
 f - a potion of enlightenment {unknown}
 g - a potion of berserk rage {unknown}
 k - a potion of mutation {unknown}
 t - a potion of resistance {unknown}
 u - a potion of brilliance {unknown}
 v - a potion of haste {unknown}
 x - a potion of curing {unknown}

Dungeon Overview and Level Annotations

Branches:
Dungeon (5/15) Zot: 25981
 Temple: D:4-7

Altars:
Gozag

Annotations:
D:4 Blork the orc

####......#####
######...............
####....#.=.............
#$$'....#...............
#.##$...#...............
#.#<.[[.#..............F
#.###.$$#...............
#.#...$...$..>..........
#.#.#...#h......$.......
#...#.(.#Oo.............
#####...#...............
#...#...............
#####..:..(.....!...
#...............
#...............
#...............


You could see an ogre and an orc wizard.


Message History

The ice beast barely misses you.
You hit the ice beast. You headbutt the ice beast.
You tail-slap the ice beast, but do no damage.
The ice beast hits you but does no damage. 😕 HP[+1]
You hit the ice beast but do no damage. Your kick misses the ice beast.
Your headbutt misses the ice beast.
The ice beast hits you but does no damage.
You hit the ice beast. You tail-slap the ice beast. The ice beast hits you.
The ice beast freezes you. You resist. 😮 HP[-8]
You take 8 damage, and now have 38/56 hp.
You hit the ice beast. You kick the ice beast!
The ice beast closely misses you.
You punch the ice beast!
You kill the ice beast!
Your Dodging skill increases to level 3! 😮 HP[+2]
You regained 2 hp, and now have 40/56 hp.
You now have 541 gold pieces (gained 15).
There is an open door here. 😮 HP[+1]
You start resting.
A hound comes into view. 😕 HP[+11]
You regained 11 hp, and now have 52/56 hp.
A hound is nearby!
A hound is nearby!
You see here a +0 chain mail.
You punch the hound! You kick the hound. You tail-slap the hound.
You kill the hound!
You have reached level 8!
You feel agile. 😕 HP[+8] MP[+1]
You now have 63 max hp (+7).
You regained 8 hp, and now have 60/63 hp.
Your mp is fully restored (8).
An orc wizard comes into view. It is wielding a +0 dagger. 😕 HP[+2]
You regained 2 hp, and now have 62/63 hp.
An orc wizard is nearby!
An orc wizard is nearby!
An orc wizard is nearby!
The orc wizard shouts!
You hear an angry hiss.
You see here 16 gold pieces.
An ogre comes into view. It is wielding a +0 giant club.
The ogre shouts!
The adder hisses angrily.
You hear a shout! 😎 HP[+1]
Your hp is fully restored (63).
The orc wizard gestures at you while chanting.
The puff of flame misses you.
You barely miss the adder. Your kick misses the adder.
The adder bites you but does no damage.
You punch the adder!
You tail-slap the adder, but do no damage.
The adder closely misses you.
You hit the adder.
You kill the adder!
The orc wizard points at you and mumbles some strange words.
The magic dart hits you! 😕 HP[-9]
You take 9 damage, and now have 54/63 hp.
You completely miss the orc wizard.
You kick the orc wizard, but do no damage.
The orc wizard casts a spell at you. You resist with some effort.
You barely miss the orc wizard. Your kick misses the orc wizard.
Your headbutt misses the orc wizard. You tail-slap the orc wizard.
The orc wizard barely misses you.
You punch the orc wizard! Your kick misses the orc wizard.
The ogre hits you with a +0 giant club!!
* * * LOW HITPOINT WARNING * * *
The orc wizard points at you and mumbles some strange words.
The puff of flame hits you.
* * * LOW HITPOINT WARNING * * *
😨 HP[-28]
You take 28 damage, and now have 26/63 hp.
MASSIVE DAMAGE!! (PAUSE) Unknown command.
You closely miss the orc wizard. You kick the orc wizard.
The orc wizard hits you with a +0 dagger.
* * * LOW HITPOINT WARNING * * *
😨 HP[-2]
You take 2 damage, and now have 24/63 hp.
Unknown command.
You hit the orc wizard.
The ogre is distracted by your dazzling golden aura.
The orc wizard casts a spell at you. The magic dart hits you!
* * * LOW HITPOINT WARNING * * *
The ogre shouts! 😨 HP[-7]
You take 7 damage, and now have 17/63 hp.
Unknown command.
You punch the ogre!
The ogre is no longer distracted by gold.
You punch the ogre.
The ogre hits you with a +0 giant club!!
You die...
Your body crumbles into a pile of gold.

Skill      XL: |  1  2  3  4  5  6  7 |
---------------+----------------------+-----
Unarmed Combat | 3 4 5 6 |  6.2
Shapeshifting  | 3 |  3.3
Fighting       | 2 3 4 5 |  5.5
Dodging        | 3 |  3.4

Action                     |  1- 3 |  4- 6 |  7- 9 || total
---------------------------+-------+-------+-------++-------
  Melee: Unarmed           |   106 |   117 |    38 ||   261
         Punch             |     5 |       |     1 ||     6
         Headbutt          |     9 |    18 |     4 ||    31
         Kick              |       |    28 |    10 ||    38
         Tailslap          |       |     2 |     9 ||    11
   Stab: Distracted        |       |     1 |       ||     1
 Armour: Animal skin       |     3 |       |       ||     3
         Ring mail         |    17 |    40 |     8 ||    65
  Dodge: Dodged            |    57 |    71 |    16 ||   144

Levels and vault maps discovered:
D:1:      dpeg_arrival_simpleton_c, layout_loops_ring
D:2:      layout_loops_ring, serial_aquarium, aquarium_bridge_square
          [aquarium_subvault_wall, aquarium_subvault_bridge,
          aquarium_subvault_wall, aquarium_subvault_bridge],
          aquarium_bridge_straight [aquarium_subvault_bridge,
          aquarium_subvault_window, aquarium_subvault_bridge,
          aquarium_subvault_window], aquarium_window_corridor_1,
          aquarium_window_2, aquarium_view_2f, aquarium_balcony_5a,
          dreamdust_ecumenical_altar_drowned_temple
D:3:      layout_loops_ring
D:4:      layout_gridville, uniq_blork_the_orc
D:5:      layout_basic, mainiacjoe_overflow_alcove_4,
          minmay_temple_entry_glassed_door, serial_shops, shop,
          minmay_door_square, st_stairs_12, uniq_prince_ribbit1

Notes
Turn   | Place    | Note
-------+----------+-------------------------------------------
     0 | D:1      | MackTheKnife the Demonspawn Shapeshifter began the quest
                  | for the Orb.
     0 | D:1      | Reached XP level 1. HP: 15/15 MP: 1/1
     0 | D:1      | magus.rc [v1.9.6]
   250 | D:1      | Reached skill level 3 in Unarmed Combat
   250 | D:1      | You feel monstrous as your demonic heritage exerts itself.
   250 | D:1      | Discovered your monstrous ancestry.
   250 | D:1      | Gained mutation: You have a pair of small horns on your
                  | head. [demonic ancestry]
   250 | D:1      | Reached XP level 2. HP: 14/21 MP: 2/2
   386 | D:1      | Reached skill level 3 in Shapeshifting
   958 | D:2      | Gained mutation: You have a pair of horns on your head.
                  | [demonic ancestry]
   958 | D:2      | Reached XP level 3. HP: 26/26 MP: 3/3
  1006 | D:2      | Found a faded altar of an unknown god.
  1026 | D:2      | Prayed at the altar of an unknown god.
  1026 | D:2      | Became a worshipper of Gozag Ym Sagoz the Greedy
  1315 | D:2      | You add the spells Cigotuvi's Dreadful Rot, Ignite Poison
                  | and Freezing Cloud to your library.
  1723 | D:2      | Gained mutation: You have large cloven feet. [demonic
                  | ancestry]
  1723 | D:2      | Reached XP level 4. HP: 32/32 MP: 4/4
  2175 | D:3      | Reached skill level 2 in Fighting
  2175 | D:3      | Reached skill level 4 in Unarmed Combat
  2656 | D:4      | Gained mutation: You have hoof-like feet. [demonic
                  | ancestry]
  2656 | D:4      | Reached XP level 5. HP: 37/39 MP: 5/5
  2670 | D:4      | Noticed an ogre
  2739 | D:5      | Entered Level 5 of the Dungeon
  2939 | D:4      | Reached skill level 3 in Fighting
  2980 | D:4      | Gained mutation: You have a small tail. [demonic ancestry]
  2980 | D:4      | Reached XP level 6. HP: 29/47 MP: 6/6
  3198 | D:4      | Reached skill level 5 in Unarmed Combat
  3276 | D:4      | Reached skill level 4 in Fighting
  3430 | D:4      | Noticed Blork the orc
  3528 | D:5      | Identified the scarf of Zeetepen {repulsion, Harm rF-
                  | Dex+4}
  3557 | D:5      | Gained mutation: You regenerate a little health from kills.
                  | [demonic ancestry]
  3557 | D:5      | Reached XP level 7. HP: 55/55 MP: 7/7
  3557 | D:5      | Noticed Prince Ribbit
  3590 | D:5      | Killed Prince Ribbit
  3591 | D:5      | Reached skill level 5 in Fighting
  3591 | D:5      | Reached skill level 6 in Unarmed Combat
  3638 | D:5      | Reached skill level 2 in Dodging
  3716 | D:5      | Reached skill level 3 in Dodging
  3758 | D:5      | Reached XP level 8. HP: 60/63 MP: 8/8
  3771 | D:5      | Slain by an ogre

Vanquished Creatures
  Prince Ribbit (D:5)
  An ice beast (D:5)
  2 black bears
  An ogre (D:4)
  3 hounds
  2 orc priests
  A sleepcap (D:4)
  An iguana (D:5)
  2 orc wizards
  6 gnolls
  6 adders
  A shadow imp (D:5)
  2 worms (D:2)
  5 dart slugs
  9 orcs (D:4)
  4 bats
  7 endoplasms
  2 giant cockroaches
  6 goblins
  9 hobgoblins
  6 jackals
  4 kobolds
  4 quokkas
  3 ball pythons
  5 frilled lizards
  7 rats
  A spectral hobgoblin (D:2)
101 creatures vanquished.

Table legend:
 A = Non-vault XP
 B = Vault XP
 C = Vault XP percentage of total XP
 D = Non-vault monster count
 E = Vault monster count
 F = Vault count percentage of total count
                 A         B        C        D         E       F
            +---------+---------+-------+---------+---------+-------
      Total |    1206 |     260 |  17.7 |      99 |       2 |   2.0
            +---------+---------+-------+---------+---------+-------
        D:1 |      39 |       0 |   0.0 |      23 |       0 |   0.0
        D:2 |      63 |       1 |   1.6 |      18 |       1 |   5.3
        D:3 |      68 |       0 |   0.0 |      15 |       0 |   0.0
        D:4 |     515 |       0 |   0.0 |      31 |       0 |   0.0
        D:5 |     521 |     259 |  33.2 |      12 |       1 |   7.7
            +---------+---------+-------+---------+---------+-------

Skill      XL: |  1  2  3  4  5  6  7 |
---------------+----------------------+-----
Unarmed Combat | 3 4 5 6 |  6.2
Shapeshifting  | 3 |  3.3
Fighting       | 2 3 4 5 |  5.5
Dodging        | 3 |  3.4

Action                     |  1- 3 |  4- 6 |  7- 9 || total
---------------------------+-------+-------+-------++-------
  Melee: Unarmed           |   106 |   117 |    38 ||   261
         Punch             |     5 |       |     1 ||     6
         Headbutt          |     9 |    18 |     4 ||    31
         Kick              |       |    28 |    10 ||    38
         Tailslap          |       |     2 |     9 ||    11
   Stab: Distracted        |       |     1 |       ||     1
 Armour: Animal skin       |     3 |       |       ||     3
         Ring mail         |    17 |    40 |     8 ||    65
  Dodge: Dodged            |    57 |    71 |    16 ||   144

Illustrated notes

Table legend:
 A = Kills in this place as a percentage of kills in the entire game.
 B = Kills by you in this place as a percentage of kills by you in the entire game.
 C = Kills by friends in this place as a percentage of kills by friends in the entire game.
 D = Other kills in this place as a percentage of other kills in the entire game.
 E = Experience gained in this place as a percentage of experience gained in the entire game.
 F = Experience gained in this place divided by the number of levels of this place that you have seen.
                   A       B       C       D       E      F
               +-------+-------+-------+-------+-------+----------------------
         Total | 100.0 | 100.0 |   N/A |   N/A | 100.0 | 293.2
       Dungeon | 100.0 | 100.0 |   N/A |   N/A | 100.0 | 293.2
               +-------+-------+-------+-------+-------+----------------------

Table legend: (Time is in decaauts)
 A = Elapsed time spent in this place.
 B = Non-inter-level travel time spent in this place.
 C = Inter-level travel time spent in this place.
 D = Time resting spent in this place.
 E = Time spent auto-exploring this place.
 F = Levels seen in this place.
 G = Mean time per level.
                   A        B        C        D        E       F      G
               +--------+--------+--------+--------+--------+-----+--------+
         Total |   3754 |   3660 |     94 |    551 |   2452 |   5 |  750.8 |
       Dungeon |   3754 |   3660 |     94 |    551 |   2452 |   5 |  750.8 |
               +--------+--------+--------+--------+--------+-----+--------+

Top non-repeatable levels by time:
     D:2: 962 daAuts
     D:1: 934 daAuts
     D:3: 758 daAuts
     D:4: 587 daAuts
     D:5: 511 daAuts
